 Dungeon Crawl Stone Soup version 0.19-a0-1127-gac58878 (webtiles) character file.

29113 4thArraOfDagon the Cleaver (level 13, -4/86 HPs)
             Began as a Gargoyle Berserker on Aug 12, 2016.
             Was an Elder of Trog.
             Hit by a large rock thrown by a cyclops (21 damage)
             ... on level 1 of the Shoals.
             The game lasted 00:26:30 (4175 turns).

4thArraOfDagon the Cleaver (Gargoyle Berserker)     Turns: 4175, Time: 00:26:30

Health: -4/86      AC: 32    Str: 29    XL:     13   Next: 43%
Magic:  13/13      EV:  8    Int:  8    God:    Trog [****..]
Gold:   845        SH:  0    Dex: 11    Spells: 0 memorised, 12 levels left

rFire  . . .     SeeInvis +     Y - +2 executioner's axe (venom)
rCold  + . .     Gourm    .     o - +0 plate armour {rN+}
rNeg   + + .     Faith    .     (shield currently unavailable)
rPois  ∞         Spirit   .     t - +2 hat
rElec  +         Dismiss  .     e - +0 cloak
rCorr  .         Reflect  .     n - +1 pair of gloves {Dex+3}
SustAt .         Harm     .     (no boots)
MR     +....                    (no amulet)
Stlth  ..........               P - +3 ring of strength
                                x - ring of protection from cold

@: exhausted, slowed, very slow
A: rough black scales 1, see invisible, magic resistance 1, negative energy
resistance 1, electricity resistance, unbreathing, petrification resistance, rot
immunity, AC +9
a: Berserk, Trog's Hand, Brothers in Arms, Burn Spellbooks, Renounce Religion


You were on level 1 of the Shoals.
You worshipped Trog.
Trog was greatly pleased with you.
You were very hungry.

You visited 3 branches of the dungeon, and saw 19 of its levels.
You also visited: Labyrinth, Ice Cave and Volcano.

You collected 845 gold pieces.

Inventory:

Hand Weapons
 A - a +0 blowgun
 B - a +0 dagger of distortion
 E - a +0 war axe of flaming
 T - a +0 battleaxe of freezing
 Y - a +2 executioner's axe of venom (weapon)
Missiles
 w - 8 curare-tipped needles
 S - 6 tomahawks of dispersal (quivered)
 X - 5 poisoned tomahawks
Armour
 b - a +0 animal skin
 e - a +0 cloak (worn)
 f - a +0 ring mail
 h - a +0 plate armour
 j - the +1 chain mail of Entitlement {rF- Str+4}
   (You found it in a labyrinth)

   It affects your strength (+4).
   It makes you vulnerable to fire.
 l - a +0 scale mail
 n - a +1 pair of gloves of dexterity (worn)
 o - a +0 plate armour of positive energy (worn)
 r - a +1 pair of gloves
 s - a +0 chain mail of fire resistance
 t - a +2 hat (worn)
Jewellery
 c - an uncursed ring of protection from magic
 g - an uncursed ring of protection from cold
 x - a ring of protection from cold (left hand)
 P - a +3 ring of strength (right hand)
 V - an uncursed ring of protection from cold
Wands
 k - a wand of lightning (0/15)
 p - a wand of digging (13/24)
 q - a wand of flame (1/48)
 z - a wand of paralysis (10/24)
 Q - a wand of confusion (33/48)
Scrolls
 d - a scroll of identify
 m - a scroll of blinking
 u - 2 scrolls of remove curse
 M - a scroll of recharging
 O - a scroll of random uselessness
 R - a scroll of immolation
Potions
 i - a potion of cure mutation
 D - 2 potions of haste
 F - a potion of agility
 G - 2 potions of berserk rage
 H - 4 potions of brilliance
 I - a potion of might
 K - a potion of ambrosia
 Z - a potion of curing
Books
 v - the Compendium of the Venomous Volcanoes
   (You found it in a labyrinth)

   Spells                             Type                      Level
   a - Sting                          Conjuration/Poison           1
   b - Ignite Poison                  Fire/Transmutation/Poison    3
   c - Sticky Flame                   Conjuration/Fire             4
   d - Bolt of Fire                   Conjuration/Fire             6
   Trog disapproves of the use of such an item.
 C - a book of Death

   Spells                             Type                      Level
   a - Corpse Rot                     Necromancy                   2
   b - Sublimation of Blood           Necromancy                   2
   c - Agony                          Necromancy                   5
   d - Dispel Undead                  Necromancy                   5
   e - Excruciating Wounds            Charms/Necromancy            5
   f - Bolt of Draining               Conjuration/Necromancy       5
   Trog disapproves of the use of such an item.
 U - Xyuxuwir's Disquisition on Weightlessness
   (You found it in an ice cave)

   Spells                             Type                      Level
   a - Shock                          Conjuration/Air              1
   b - Static Discharge               Conjuration/Air              3
   c - Airstrike                      Air                          4
   d - Freezing Cloud                 Conjuration/Ice/Air          6
   Trog disapproves of the use of such an item.
 W - a book of Ice

   Spells                             Type                      Level
   a - Ice Form                       Ice/Transmutation            4
   b - Metabolic Englaciation         Hexes/Ice                    5
   c - Ozocubu's Refrigeration        Ice                          6
   d - Bolt of Cold                   Conjuration/Ice              6
   e - Freezing Cloud                 Conjuration/Ice/Air          6
   f - Simulacrum                     Ice/Necromancy               6
   Trog disapproves of the use of such an item.
Comestibles
 a - 3 chunks of flesh
 y - a slice of pizza
 J - a beef jerky
 L - 4 fruits
 N - 2 meat rations


   Skills:
 - Level 12.3 Fighting
 * Level 14.5 Axes
 + Level 12.3 Armour
 - Level 1.5 Dodging


You had 12 spell levels left.
You didn't know any spells.

Dungeon Overview and Level Annotations

Branches:
Dungeon (12/15)              Lair (6/6) D:11         Shoals (1/4) Lair:2
 Temple: D:4-7        Snake: Lair:2-4    Spider: Lair:2-4     Slime: Lair:5-6
    Orc: D:9-12

Altars:
Hepliaklqana
Makhleb

Shops:
D:6 [

Portals:
Hell: Lair:6

Annotations:
D:10 Xiguana's ghost, journeyman TeCj
Lair:2 KRAKEN DEN


Innate Abilities, Weirdness & Mutations

You are resistant to torment.
Your stone body is resilient. (AC +9)
You are immune to poison.
You resist negative energy. (rN+)
You are resistant to electric shocks. (rElec)
You can survive without breathing.
You are immune to petrification.
You are immune to rotting.
You are partially covered in rough black scales. (AC +2, Dex -1)
You have supernaturally acute eyesight. (SInv)
You are resistant to hostile enchantments. (MR+)


Message History

Unknown command.
Unknown command.
Your skin stops crawling.
You feel less resistant to hostile enchantments.
The merfolk hits you with a trident.
* * * LOW HITPOINT WARNING * * *
Things that are here:
a large rock; a snapping turtle corpse Unknown command.
Unknown command.
You slash the merfolk!
The merfolk is almost dead.
The merfolk barely misses you. x2
A cyclops comes into view.
You slash the merfolk!
You kill the merfolk!
Trog accepts your kill.
You can now call in reinforcements.
You hear a splash.
The cyclops throws a large rock.
The large rock hits you!!
You die...

.PPP≈≈≈≈≈≈≈≈≈≈≈
..≈≈≈≈≈≈≈≈≈≈≈≈≈≈
[..≈≈≈≈≈P≈≈≈≈≈≈≈
....PP≈≈≈≈≈≈≈≈≈≈≈
.....≈P≈≈.≈≈P≈≈≈≈≈
....≈≈≈≈≈≈≈≈.%≈≈≈≈
.≈≈≈≈≈≈≈≈≈≈≈≈≈≈≈≈≈
≈≈≈≈≈P≈P(((.≈≈≈≈≈≈
≈≈≈P≈P≈P(@<≈≈≈≈≈≈≈
≈≈.≈≈≈P≈≈()≈≈≈≈≈≈≈
≈≈≈≈≈≈≈≈≈≈≈≈≈≈≈≈≈≈
≈≈≈P≈≈≈≈≈≈≈≈≈≈≈≈≈≈
≈≈≈C≈≈≈≈≈≈≈≈≈≈≈≈≈≈
≈≈≈≈≈≈≈≈≈≈≈≈≈≈≈≈≈≈
≈≈≈≈≈≈≈≈≈≈≈≈≈≈≈≈≈≈
≈≈≈≈≈≈≈≈≈≈≈≈≈≈≈≈≈≈
≈≈≈≈≈≈≈≈≈≈≈≈≈≈≈≈≈


You could see a cyclops.

Vanquished Creatures
  A frost giant (IceCv)
  2 hydras
  A catoblepas (Lair:6)
  4 death yaks (Lair:3)
  A sun demon (Lair:6)
  Urug (Volcano)
  An unseen horror (D:10)
  A wizard (Lair:6)
  A griffon (Lair:3)
  6 cyclopes (Shoals:1)
  An ugly thing (D:11)
  A black mamba (Lair:6)
  A centaur zombie (D:9)
  2 spiny frogs
  An orange demon (Lair:6)
  3 komodo dragons
  A rime drake (Lair:6)
  A hellwing (Lair:6)
  3 ice devils (Lair:6)
  2 red devils (Lair:6)
  A merfolk (Shoals:1)
  19 polar bears (IceCv)
  A wind drake (Shoals:1)
  9 blink frogs
  2 snapping turtles
  3 redbacks (Lab)
  A wyvern (Lair:6)
  17 yaks
  2 hungry ghosts (Lab)
  A steam dragon (D:10)
  5 water moccasins
  3 hell hounds (Lair:6)
  2 porcupines
  An ice beast (D:5)
  5 orc warriors
  A wasp (D:8)
  19 wolves
  4 crocodiles
  2 big kobolds (D:9)
  5 giant frogs
  A scorpion (D:8)
  4 wights (D:10)
  A giant frog zombie (D:11)
  A crimson imp (D:6)
  A jelly (D:9)
  5 orc wizards
  A centaur skeleton (D:11)
  A hound (D:8)
  A giant frog skeleton (D:8)
  An iguana (Lair:3)
  4 worker ants (D:9)
  6 sheep
  A hound skeleton (D:7)
  A worker ant zombie (D:11)
  2 gnolls (D:8)
  19 river rats
  An adder zombie (D:9)
  2 giant geckos
  6 orcs
  A giant cockroach (D:8)
  2 goblins (D:2)
  A hobgoblin (D:1)
  2 jackals (D:2)
  A ball python (D:1)
  A bat (D:2)
  A giant cockroach zombie (D:5)
  A giant newt (D:2)
  7 kobolds
  A rat (D:1)
  2 plants (Shoals:1)
217 creatures vanquished.

Vanquished Creatures (collateral kills)
  Sonja (D:11)
  A cyclops (D:11)
2 creatures vanquished.

Vanquished Creatures (others)
  2 yaks (IceCv)
  5 wolves (IceCv)
  A fungus (Shoals:1)
  3 plants (Shoals:1)
11 creatures vanquished.

Grand Total: 230 creatures vanquished

Notes
Turn   | Place    | Note
-------+----------+-------------------------------------------
     0 | D:1      | 4thArraOfDagon the Gargoyle Berserker began the quest for the Orb.
     0 | D:1      | Reached XP level 1. HP: 14/14 MP: 1/1
    37 | D:2      | Reached XP level 2. HP: 10/19 MP: 2/2
    41 | D:2      | Reached skill level 3 in Axes
   141 | D:5      | Entered Level 5 of the Dungeon
   151 | D:5      | Noticed an ice beast
   192 | D:5      | Killed an ice beast
   192 | D:5      | Reached XP level 3. HP: 11/24 MP: 3/3
   192 | D:5      | Reached XP level 4. HP: 14/29 MP: 4/4
   253 | D:6      | Found Geatil's Armour Shop.
   280 | D:6      | Reached skill level 4 in Axes
   280 | D:6      | Reached XP level 5. HP: 27/33 MP: 5/5
   294 | D:6      | HP: 1/34 [orc/trident (3)]
   298 | D:6      | Reached ** piety under Trog
   332 | D:7      | Noticed an ogre
   409 | D:7      | Reached XP level 6. HP: 39/39 MP: 6/6
   529 | D:8      | Reached skill level 5 in Axes
   560 | D:8      | Noticed a wasp
   579 | D:8      | Killed a wasp
   579 | D:8      | Reached skill level 5 in Fighting
   579 | D:8      | Reached XP level 7. HP: 44/44 MP: 7/7
   702 | D:9      | Found a hazy altar of Hepliaklqana.
   720 | D:10     | Entered Level 10 of the Dungeon
   720 | D:10     | Noticed a yak
   720 | D:10     | Noticed a yak
   720 | D:10     | Noticed a yak
   720 | D:10     | Noticed a yak
   720 | D:10     | Noticed Xiguana's ghost (journeyman TeCj)
   728 | D:9      | Killed a yak
   729 | D:9      | Killed a yak
   729 | D:9      | Reached skill level 6 in Axes
   729 | D:9      | Reached skill level 5 in Armour
   730 | D:9      | Killed a yak
   730 | D:9      | Reached XP level 8. HP: 51/51 MP: 8/8
   780 | D:9      | Reached skill level 7 in Axes
   964 | D:9      | Reached XP level 9. HP: 49/56 MP: 9/9
  1097 | D:10     | Reached skill level 8 in Axes
  1106 | D:10     | Killed an unseen horror
  1170 | D:11     | Identified a scroll of acquirement
  1177 | D:11     | win
  1225 | D:11     | Found a labyrinth entrance.
  1234 | Lab      | Entered a labyrinth
  1350 | Lab      | Reached skill level 9 in Axes
  1496 | Lab      | Reached XP level 10. HP: 64/64 MP: 10/10
  1780 | Lab      | Noticed a minotaur
  1815 | Lab      | Identified the Compendium of the Venomous Volcanoes
  1816 | Lab      | Got a heavily runed chain mail
  1829 | D:11     | Identified the +1 chain mail of Entitlement {rF- Str+4} (You found it in a labyrinth)
  1849 | D:11     | :(
  1865 | D:11     | Noticed a purple ugly thing
  1887 | D:11     | Killed a purple ugly thing
  1894 | D:11     | Gained mutation: You have supernaturally acute eyesight. (SInv) [mutagenic meat]
  1897 | D:11     | Gained mutation: You are partially covered in rough black scales. (AC +2, Dex -1) [mutagenic meat]
  1900 | D:11     | Gained mutation: You are resistant to hostile enchantments. (MR+) [mutagenic meat]
  1945 | D:11     | Noticed Sonja
  1950 | D:11     | Noticed a cyclops
  1968 | D:11     | Killed Sonja
  1968 | D:11     | Reached skill level 10 in Axes
  1968 | D:11     | HP: 2/65 [cyclops/large rock (30)]
  1983 | D:11     | Found a staircase to the Lair.
  1984 | D:11     | Killed a cyclops
  2038 | D:12     | :(
  2047 | D:11     | Noticed a hill giant
  2088 | Lair:1   | Entered Level 1 of the Lair of Beasts
  2184 | Lair:2   | Found a dark tunnel.
  2185 | Lair:2   | Noticed a spiny frog
  2191 | Lair:2   | Killed a spiny frog
  2199 | Volcano  | Entered a volcano
  2249 | Volcano  | Found a radiant altar of Vehumet.
  2251 | Volcano  | Noticed Urug
  2267 | Volcano  | Killed Urug
  2321 | Volcano  | Reached XP level 11. HP: 71/71 MP: 11/11
  2408 | Lair:2   | Reached skill level 11 in Axes
  2465 | Lair:3   | Noticed a griffon
  2478 | Lair:3   | Noticed a death yak
  2480 | Lair:3   | Noticed a death yak
  2482 | Lair:3   | Noticed a death yak
  2484 | Lair:3   | Killed a griffon
  2485 | Lair:3   | Noticed a death yak
  2495 | Lair:3   | Killed a death yak
  2495 | Lair:3   | Reached skill level 10 in Fighting
  2497 | Lair:3   | Killed a death yak
  2498 | Lair:3   | Killed a death yak
  2498 | Lair:3   | Reached skill level 10 in Armour
  2503 | Lair:3   | Killed a death yak
  2614 | Lair:3   | Reached skill level 12 in Axes
  2662 | Lair:3   | Found a frozen archway.
  2671 | IceCv    | Entered an ice cave
  2823 | IceCv    | Reached *** piety under Trog
  2830 | IceCv    | Reached XP level 12. HP: 75/79 MP: 12/12
  3125 | IceCv    | Noticed a frost giant
  3143 | IceCv    | Killed a frost giant
  3143 | IceCv    | Reached skill level 13 in Axes
  3199 | IceCv    | Identified Xyuxuwir's Disquisition on Weightlessness
  3315 | Lair:5   | Noticed an eight-headed hydra
  3326 | Lair:5   | Killed a five-headed hydra
  3364 | Lair:6   | Entered Level 6 of the Lair of Beasts
  3422 | Lair:6   | Noticed a catoblepas
  3434 | Lair:6   | Killed a catoblepas
  3434 | Lair:6   | Received a gift from Trog
  3442 | Lair:6   | win
  3465 | Lair:6   | Reached **** piety under Trog
  3539 | Lair:6   | Found a burning altar of Makhleb.
  3543 | Lair:6   | Noticed a sun demon
  3559 | Lair:6   | Reached XP level 13. HP: 62/86 MP: 13/13
  3581 | Lair:6   | Reached skill level 14 in Axes
  3760 | Lair:6   | Found a gateway to Hell.
  4125 | Lair:2   | Found a staircase to the Shoals.
  4139 | Shoals:1 | Entered Level 1 of the Shoals
  4175 | Shoals:1 | Hit by a large rock thrown by a cyclops

Vault maps used:
D:1:      dpeg_arrival_tiny_a
D:2:      ecumenical_altar_1, okawaru_trees_2, uniq_jessica
D:3:      kennysheep_vampire_church, nemelex_xobeh_ov_fountains_minmay,
          lemuel_doored_altar
D:4:      uniq_edmund
D:5:      kennysheep_little_box, nicolae_ossuary_entry_monument, serial_shops,
          shop, first_bread, kennysheep_boxes, uniq_duvessa
D:6:      nicolae_overflow_crystal_walls, kennysheep_mini, serial_shops,
          nicolae_shop_window_shopping
D:8:      grunt_livestock, uniq_pikel, uniq_joseph
D:9:      gammafunk_temple_overflow_statue
D:11:     david_lair_generic, lab_entry_generic, uniq_erica, uniq_josephine,
          uniq_sonja
D:12:     orc_0_dummy, serial_shops, bzr_entry_gold, nicolae_shop_trees,
          special_room, uniq_fannar, uniq_harold
Lair:1:   minmay_guarded_unrand_snakebite, beast_lair_carwin_1,
          lemuel_fruit_fields
Lair:2:   minmay_shoals_entry_hut, nicolae_volcano_entry_two_sided
Lair:3:   portal_ice_cave_entry_pillars_1, minmay_lindwurm_lava,
          infiniplex_staircase_pool, grunt_megastairs_2
Lair:4:   minmay_lair_oklob_items, minmay_snake_entry_guardpost_small,
          lookout_lair_type, minivault_19
Lair:5:   beast_lair_carwin_8
Lair:6:   evil_forest, dpeg_slime_entry_enclosed_altar
Shoals:1: st_cyclops
Lab:      labyrinth_watery, lab_block, nicolae_lab_grate_2
IceCv:    ice_cave_caverns_02
Volcano:  kennysheep_volcano_temple

Skill      XL: |  1  2  3  4  5  6  7  8  9 10 11 12 13 |
---------------+----------------------------------------+-----
Axes           | 3 4 5 6 7 9 10 12 13 14 | 14.5
Fighting       | 4 5 6 8 9 10 12 | 12.3
Armour         | 3 4 5 6 7 9 10 11 12 | 12.3
Dodging        | |  1.5

Action                   |  1- 3 |  4- 6 |  7- 9 | 10-12 | 13-15 || total
-------------------------+-------+-------+-------+-------+-------++-------
Melee: Hand axe          |    22 |       |       |       |       ||    22
       War axe           |     9 |    52 |   162 |   338 |    33 ||   594
       Battleaxe         |       |       |       |    61 |    50 ||   111
       Executioner's axe |       |       |       |       |    36 ||    36
Invok: Berserk           |     2 |     4 |     5 |    14 |     3 ||    28
       Trog's Hand       |       |     2 |     6 |    13 |     8 ||    29
       Burn Spellbooks   |       |       |       |     1 |       ||     1
Evoke: Wand              |       |       |    11 |     2 |       ||    13
       Sack of spiders   |       |       |       |     4 |       ||     4
  Use: Potion            |     1 |       |       |       |     2 ||     3
       Scroll            |       |       |     9 |     8 |     4 ||    21
  Eat: Fruit             |       |     2 |       |       |       ||     2
       Chunk             |       |     3 |    12 |    26 |     7 ||    48
       Meat ration       |       |       |     1 |       |       ||     1
       Beef jerky        |       |       |     1 |       |       ||     1
       Bread ration      |       |       |       |     1 |       ||     1
       Pizza             |       |       |       |       |     1 ||     1
Armor: Animal skin       |    13 |       |       |       |       ||    13
       Ring mail         |       |    27 |       |       |       ||    27
       Scale mail        |       |    21 |    30 |       |       ||    51
       Chain mail        |       |       |   113 |     9 |       ||   122
       Plate armour      |       |       |    26 |   410 |   156 ||   592
Dodge: Dodged            |    40 |    55 |    81 |   213 |    69 ||   458
